 Dungeon Crawl Stone Soup version 0.18.1-48-g4cf74bf (webtiles) character file.

363 Gargoyl the Covered (level 6, -1/48 HPs)
             Began as a Demonspawn Abyssal Knight on June 25, 2016.
             Was a Priest of Lugonu.
             Slain by a sky beast (6 damage)
             ... on level 5 of the Dungeon.
             The game lasted 00:08:10 (3835 turns).

Gargoyl the Covered (Demonspawn Abyssal Knight)     Turns: 3835, Time: 00:08:11

Health: -1/48      AC: 14    Str: 10 (12) XL:     6   Next: 39%
Magic:  7/7        EV:  2    Int: 15 (18) God:    Lugonu [***...]
Gold:   172        SH:  0    Dex: 10 (13) Spells: 0 memorised, 5 levels left

rFire  . . .     SeeInvis .     n - +0 hand axe (elec)
rCold  . . .     Gourm    .     f - +0 plate armour
rNeg   . . .     Faith    .     (no shield)
rPois  .         Spirit   .     (no helmet)
rElec  .         Dismiss  .     k - +0 cloak
rCorr  .         Reflect  .     (no gloves)
SustAt .         Harm     .     e - +0 pair of boots
MR     .....                    (no amulet)
Stlth  ..........               (no ring)
                                (no ring)

@: brilliant, very slightly contaminated, hasted, very quick, not resistant to
hostile enchantments, extremely unstealthy
A: claws 1, talons 1, demonic guardian 1, low mp 1, weak 1, rot immunity
a: Depart the Abyss, Bend Space, Banish, Renounce Religion


You were on level 5 of the Dungeon.
You worshipped Lugonu.
Lugonu was most pleased with you.
You were very hungry.

You visited 1 branch of the dungeon, and saw 5 of its levels.
You visited the Abyss 1 time.

You collected 172 gold pieces.

Inventory:

Hand Weapons
 n - a +0 hand axe of electrocution (weapon)
Missiles
 d - 4 tomahawks (quivered)
Armour
 e - a +0 pair of boots (worn)
 f - a +0 plate armour (worn)
 k - a +0 cloak (worn)
Wands
 l - a wand of iceblast (9/15)
Scrolls
 b - a scroll of amnesia
 j - a scroll of identify
 p - a scroll of recharging {unknown}
 u - 3 scrolls of immolation {unknown}
Potions
 m - a potion of cure mutation
 t - a potion of agility {unknown}
Comestibles
 a - a beef jerky
 c - 5 bread rations
 h - a royal jelly
 o - a slice of pizza


   Skills:
 + Level 4.2 Fighting
 + Level 3.2 Axes
 * Level 4.6 Armour
 + Level 1.3 Dodging
 + Level 2.4 Invocations


You had 5 spell levels left.
You didn't know any spells.

Dungeon Overview and Level Annotations

Branches:
Dungeon (5/15)
 Temple: D:4-7

Altars:
Dithmenos
Ru


Innate Abilities, Weirdness & Mutations

You have sharp fingernails.
A weak demonic guardian rushes to your aid.
You are immune to rotting.
You have sharp toenails.
Your magical capacity is low (-10% MP).
You are weak. (Str -2)


Message History

You feel clever all of a sudden. Something hits you but does no damage.
Drink which item? (? for menu, Esc to quit)
It was a potion of mutation.
You feel extremely strange.
Your toenails lengthen and sharpen.
You feel weaker.
You feel less energetic. Something hits you but does no damage.
Drink which item? (? for menu, Esc to quit)
It was a potion of haste.
You feel yourself speed up. Something hits you.
* * * LOW HITPOINT WARNING * * *
Something shocks you.
* * * LOW HITPOINT WARNING * * *
You are very lightly contaminated with residual magic.
Drink which item? (? for menu, Esc to quit)
It was a potion of degeneration.
There was something very wrong with that liquid.
You feel weakened.
You feel dopey.
You feel clumsy. Something hits you.
* * * LOW HITPOINT WARNING * * *
Something shocks you.
You die...

#... .#
#...#.#
#.....
.....
#.#.#
#...#
#...#
#.<##
#.@.#
#.#{#
#.#..#
#.##...
#.#
#...
#%#
.###
#.# ##
#..


There were no monsters in sight!

Vanquished Creatures
  An orc priest (D:3)
  Natasha (D:3)
  Ijyb (D:3)
  An orc wizard (D:2)
  A worker ant (D:4)
  5 adders
  An ooze (D:1)
  3 worms
  A dart slug (D:1)
  3 giant geckos
  10 orcs
  A ball python (D:2)
  2 giant cockroaches
  4 goblins
  8 hobgoblins
  5 jackals
  6 quokkas (D:3)
  10 bats
  4 giant newts
  11 kobolds
  7 rats
86 creatures vanquished.

Vanquished Creatures (collateral kills)
  Duvessa (D:4)
  Dowan (D:5)
2 creatures vanquished.

Grand Total: 88 creatures vanquished

Notes
Turn   | Place    | Note
--------------------------------------------------------------
     0 | Abyss:1  | Gargoyl the Demonspawn Abyssal Knight began the quest for the Orb.
     0 | Abyss:1  | Reached XP level 1. HP: 18/18 MP: 2/2
    86 | Abyss:2  | Noticed a tentacled starspawn
    86 | D:1      | Escaped the Abyss
   271 | D:1      | Reached * piety under Lugonu
   271 | D:1      | Gained mutation: You have sharp fingernails. [demonic ancestry]
   271 | D:1      | Reached XP level 2. HP: 23/24 MP: 3/3
   568 | D:1      | You fall through a shaft!
   595 | D:2      | Found a sacrificial altar of Ru.
   656 | D:2      | Reached skill level 1 in Dodging
   659 | D:2      | Found a shadowy altar of Dithmenos.
   861 | D:1      | Reached XP level 3. HP: 22/29 MP: 4/4
  1291 | D:2      | Reached ** piety under Lugonu
  1574 | D:2      | Reached XP level 4. HP: 27/37 MP: 5/5
  1930 | D:3      | Noticed Ijyb
  1954 | D:3      | Killed Ijyb
  2533 | D:2      | Gained mutation: A weak demonic guardian rushes to your aid. [demonic ancestry]
  2533 | D:2      | Reached XP level 5. HP: 38/42 MP: 6/6
  2734 | D:3      | Noticed Natasha
  2740 | D:3      | Killed Natasha
  2760 | D:3      | Reached *** piety under Lugonu
  3276 | D:4      | Gained mutation: You are immune to rotting. [demonic ancestry]
  3276 | D:4      | Reached XP level 6. HP: 23/48 MP: 7/7
  3624 | D:4      | Noticed Duvessa
  3625 | D:4      | Noticed Dowan
  3641 | D:4      | Killed Duvessa
  3648 | D:5      | Entered Level 5 of the Dungeon
  3662 | D:5      | Killed Dowan
  3811 | D:5      | Noticed a sky beast
  3829 | D:5      | HP: 2/48 [something (5)]
  3833 | D:5      | Gained mutation: You have sharp toenails. [potion of mutation]
  3833 | D:5      | Gained mutation: You are weak. (Str -2) [potion of mutation]
  3833 | D:5      | Gained mutation: Your magical capacity is low (-10% MP). [potion of mutation]
  3835 | D:5      | Slain by a sky beast

Skill      XL: |  1  2  3  4  5 |
---------------+----------------+-----
Armour         | 2 3 4 |  4.6
Axes           | 2 3 |  3.2
Dodging        | 1 |  1.3
Fighting       | 4 |  4.2
Invocations    | |  2.4

Action                   |  1- 3 |  4- 6 || total
-------------------------+-------+-------++-------
Melee: Hand axe          |   184 |   206 ||   390
Invok: Depart the Abyss  |     1 |       ||     1
  Use: Potion            |       |     9 ||     9
       Scroll            |       |     3 ||     3
  Eat: Chunk             |     2 |     7 ||     9
Armor: Plate armour      |   225 |   161 ||   386
Dodge: Dodged            |    31 |    40 ||    71
